Atomiques vs Diables
Created - January 8, 2020 at 19:00
Goals
|
Atomiques |
0 |
0 |
1 |
1 |
Diables |
1 |
0 |
1 |
2 |
|
Shots
|
Atomiques |
9 |
10 |
14 |
33 |
Diables |
10 |
5 |
15 |
30 |
|
1st period
1. Diables , Tim Schaller 17 (Zac Leslie 5, Jordan Caron 5) at 11:48 (PP)
Penalties :
Nikolaj Ehlers (STB) for Tripping (Minor) at 10:33
2nd period
No Goal
Penalties :
Brett Lernout (Alm) for Hooking (Minor) at 1:01, Jimmy Hayes (STB) for Hooking (Minor) at 7:09, Artturi Lehkonen (Alm) for Hooking (Minor) at 9:26, Dwight King (STB) for Hooking (Minor) at 13:38
3rd period
2. Atomiques , Chris Tierney 19 (Matt Tennyson 10, Eric Mestery 12) at 13:33 (PP)
3. Diables , Mikko Lehtonen 7 (Frederik Gauthier 10) at 15:32
Penalties :
Colby Cohen (STB) for Hooking (Minor) at 8:01, Artturi Lehkonen (Alm) for Roughing (Minor) at 13:16, James Wright (STB) for Holding (Minor) at 15:53
Goalie Stats
Connor Hellebyuk (STB), 28 saves from 30 shots - (0.933), L, 10-9-3, 59:19 minutes
Eric Comrie (Alm), 32 saves from 33 shots - (0.970), W, 13-8-1, 60:00 minutes
Players Stats for Atomiques
Player Name G A P +/- PIM S H SB GA TA FO MP PP MP PK MP
------------------------------------------------------------------------------------
Alex Tuch 0 0 0 0 0 1 0 0 0 0 0/1 14:26 2:09 0:00
Anthony Nigro 0 0 0 0 0 1 1 0 0 0 2/4 7:29 0:00 0:10
Bobby Farnham 0 0 0 0 0 0 1 0 1 0 0/0 7:11 0:00 0:00
Brendan Lemieux 0 0 0 0 0 1 2 0 0 0 0/0 15:52 2:00 0:00
Chris Tierney 1 0 1 0 0 1 2 1 1 1 6/18 18:27 2:09 5:06
Colby Cohen 0 0 0 0 2 1 1 0 0 1 0/0 14:46 0:00 2:37
Connor Clifton 0 0 0 0 0 0 1 0 0 0 0/0 12:20 0:00 0:00
Corey Tropp 0 0 0 -1 0 2 1 1 0 2 0/1 16:23 2:06 2:18
Dalton Smith 0 0 0 0 0 0 0 0 0 0 0/0 9:18 0:00 1:58
Dwight King 0 0 0 -1 2 3 3 0 1 0 0/0 16:45 0:00 4:03
Eric Mestery 0 1 1 -1 0 0 0 0 0 2 0/0 20:12 2:17 3:26
James Wright 0 0 0 0 2 7 0 0 0 2 12/18 19:40 2:06 1:32
Jimmy Hayes 0 0 0 0 2 3 2 1 1 0 0/1 14:09 0:00 0:00
Matt Tennyson 0 1 1 0 0 5 1 1 1 1 0/0 27:30 2:17 5:45
Max McCormick 0 0 0 0 0 0 0 0 0 0 0/0 1:06 0:00 0:00
Michael Chaput 0 0 0 -1 0 2 1 0 0 1 6/13 14:41 0:06 2:23
Nikolaj Ehlers 0 0 0 0 2 2 0 0 0 0 1/1 15:17 2:09 0:52
Samuel Morin 0 0 0 -1 0 4 1 2 1 1 0/0 23:46 1:58 5:45
Wiley Sherman 0 0 0 0 0 0 1 1 0 1 0/0 21:26 1:58 0:49
Players Stats for Diables
Player Name G A P +/- PIM S H SB GA TA FO MP PP MP PK MP
------------------------------------------------------------------------------------
Artturi Lehkonen 0 0 0 0 4 0 0 0 0 1 0/0 8:25 0:00 0:00
Brandon Prust 0 0 0 0 0 2 3 0 3 0 0/0 16:30 3:47 0:38
Brett Lernout 0 0 0 1 2 1 1 0 0 0 0/0 12:18 0:00 0:00
Brock McGinn 0 0 0 0 0 2 1 0 3 0 0/0 21:58 5:04 1:05
C.J Suess 0 0 0 1 0 2 2 0 0 0 0/1 10:43 0:00 0:00
Carl Gunnarsson 0 0 0 0 0 3 0 2 1 1 0/0 20:34 3:59 2:03
Chris Bigras 0 0 0 1 0 0 0 3 0 0 0/0 12:14 0:00 0:00
Daniel Zaar 0 0 0 0 0 0 1 0 0 0 0/0 8:58 0:03 0:58
Frederik Gauthier 0 1 1 1 0 1 0 1 0 0 1/4 10:43 0:00 0:00
Jordan Caron 0 1 1 0 0 7 3 0 0 1 0/1 22:54 5:21 2:19
Louis Leblanc 0 0 0 0 0 0 2 1 0 1 7/13 15:52 3:47 0:00
Mark Jankowski 0 0 0 0 0 0 1 0 0 0 2/2 8:42 0:17 0:28
Mikko Lehtonen 1 0 1 1 0 3 1 0 2 0 0/0 11:03 0:20 0:00
Nikita Zadorov 0 0 0 0 0 0 1 1 0 0 0/0 27:12 5:12 2:12
Tim Schaller 1 0 1 0 0 1 0 1 2 0 20/36 22:18 5:07 1:57
Tobias Rieder 0 0 0 0 0 0 2 0 0 0 0/0 17:32 3:47 1:05
Will Butcher 0 0 0 0 0 7 2 0 1 1 0/0 27:12 5:12 2:12
Zac Leslie 0 1 1 0 0 1 1 0 0 1 0/0 20:34 3:59 2:03
3 Stars
1 - Eric Comrie (Alm)
2 - Mikko Lehtonen (Alm)
3 - Chris Tierney (STB)
Power Play
Atomiques - 1 on 3 Attempt(s) - 33.33%
Diables - 1 on 5 Attempt(s) - 20.00%
Penalty Kill
Atomiques - 4 on 5 Attempt(s) - 80.00%
- Score 0 goal in Penalty Kill
Diables - 2 on 3 Attempt(s) - 66.67%
- Score 0 goal in Penalty Kill
Team Stat
Atomiques - Hits : 18 - Faceoff Wins : 27 - Blocked Shots : 7 - Penalty Minutes : 10
Diables - Hits : 21 - Faceoff Wins : 30 - Blocked Shots : 9 - Penalty Minutes : 6
Official
Referees : Unknown
Linesman : Unknown
Game Notes
No Game Note
Finance
Level 1 -- Attendance: 1499 (74.95%) -- Ticket Income $59,960
Level 2 -- Attendance: 744 (74.40%) -- Ticket Income $14,880
Total Attendance: 2243 (74.77%)
Total Ticket Income: $74,840
Other Income: $3,742
Total Income: $78,582
Atomiques
5 vs 5 Forward
Center Left Wing Right Wing Time % Phy DF OF
1 James Wright Brendan Lemieux Jimmy Hayes 35 0 2 3
2 Chris Tierney Nikolaj Ehlers Alex Tuch 30 0 1 4
3 Michael Chaput Dwight King Corey Tropp 30 0 2 3
4 Anthony Nigro Dalton Smith Bobby Farnham 5 1 2 2
5 vs 5 Defense
Defense Defense Time % Phy DF OF
1 Matt Tennyson Wiley Sherman 40 0 2 3
2 Eric Mestery Samuel Morin 30 0 2 3
3 Colby Cohen Connor Clifton 20 1 2 2
4 Matt Tennyson Wiley Sherman 10 0 2 3
PowerPlay Forward
Center Left Wing Right Wing Time % Phy DF OF
1 James Wright Brendan Lemieux Corey Tropp 50 0 2 3
2 Chris Tierney Nikolaj Ehlers Alex Tuch 50 0 1 4
PowerPlay Defense
Defense Defense Time % Phy DF OF
1 Matt Tennyson Eric Mestery 60 0 2 3
2 Wiley Sherman Samuel Morin 40 0 2 3
Penalty Kill 4 Players Forward
Center Wing Time % Phy DF OF
1 Chris Tierney Dwight King 60 1 3 1
2 James Wright Corey Tropp 40 1 3 1
Penalty Kill 4 Players Defense
Defense Defense Time % Phy DF OF
1 Matt Tennyson Samuel Morin 60 1 3 1
2 Colby Cohen Eric Mestery 40 1 3 1
Penalty Kill - 3 Players Forward
Forward Time % Phy DF OF
1 Chris Tierney 60 1 3 1
2 James Wright 40 1 3 1
Penalty Kill - 3 Players Defense
Defense Defense Time % Phy DF OF
1 Matt Tennyson Samuel Morin 60 1 3 1
2 Colby Cohen Eric Mestery 40 1 3 1
4 vs 4 Forward
Center Wing Time % Phy DF OF
1 James Wright Brendan Lemieux 60 0 2 3
2 Nikolaj Ehlers Alex Tuch 40 0 2 3
4 vs 4 Defense
Defense Defense Time % Phy DF OF
1 Matt Tennyson Eric Mestery 60 0 2 3
2 Wiley Sherman Samuel Morin 40 0 2 3
Last Minutes Offensive
Center Left Wing Right Wing Defense Defense
James Wright Nikolaj Ehlers Alex Tuch Wiley Sherman Matt Tennyson
Last Minutes Defensive
Center Left Wing Right Wing Defense Defense
Chris Tierney Dwight King Corey Tropp Matt Tennyson Samuel Morin
Goaltenders
Starting : Connor Hellebyuk
Backup : Thatcher Demko
Extra Forwards
Normal : Dwight King, Michael Chaput, Anthony Nigro - PP : Michael Chaput, Dwight King - PK : Dwight King
Extra Defensemen
Normal : Samuel Morin, Connor Clifton, Colby Cohen - PP : Samuel Morin - PK : Colby Cohen, Wiley Sherman
Penalty Shots
Dwight King, Nikolaj Ehlers, Alex Tuch, James Wright, Chris Tierney
Scratches
Mike Halmo (Healthy), Freddie Hamilton (Healthy), Joseph Cramarossa (Healthy), Carl Dahlstrom (Healthy), Travis Sanheim (Strained Left Knee Injury)
Axel Holmstrom (Healthy), Keegan Iverson (Healthy), Andrew Hammond (Healthy)
Diables
5 vs 5 Forward
Center Left Wing Right Wing Time % Phy DF OF
1 Tim Schaller Brock McGinn Jordan Caron 40 1 2 2
2 Louis Leblanc Brandon Prust Tobias Rieder 30 1 2 2
3 Frederik Gauthier C.J Suess Mikko Lehtonen 20 1 2 2
4 Mark Jankowski Artturi Lehkonen Daniel Zaar 10 1 2 2
5 vs 5 Defense
Defense Defense Time % Phy DF OF
1 Nikita Zadorov Will Butcher 40 1 2 2
2 Zac Leslie Carl Gunnarsson 30 1 2 2
3 Chris Bigras Brett Lernout 20 1 2 2
4 Nikita Zadorov Will Butcher 10 1 2 2
PowerPlay Forward
Center Left Wing Right Wing Time % Phy DF OF
1 Tim Schaller Brock McGinn Jordan Caron 60 1 2 2
2 Louis Leblanc Brandon Prust Tobias Rieder 40 1 2 2
PowerPlay Defense
Defense Defense Time % Phy DF OF
1 Nikita Zadorov Will Butcher 60 1 2 2
2 Zac Leslie Carl Gunnarsson 40 1 2 2
Penalty Kill 4 Players Forward
Center Wing Time % Phy DF OF
1 Tim Schaller Jordan Caron 60 1 2 2
2 Tobias Rieder Brock McGinn 40 1 2 2
Penalty Kill 4 Players Defense
Defense Defense Time % Phy DF OF
1 Nikita Zadorov Will Butcher 60 1 2 2
2 Zac Leslie Carl Gunnarsson 40 1 2 2
Penalty Kill - 3 Players Forward
Forward Time % Phy DF OF
1 Tim Schaller 60 1 2 2
2 Jordan Caron 40 1 2 2
Penalty Kill - 3 Players Defense
Defense Defense Time % Phy DF OF
1 Nikita Zadorov Will Butcher 60 1 2 2
2 Zac Leslie Carl Gunnarsson 40 1 2 2
4 vs 4 Forward
Center Wing Time % Phy DF OF
1 Tim Schaller Jordan Caron 60 1 2 2
2 Tobias Rieder Brock McGinn 40 1 2 2
4 vs 4 Defense
Defense Defense Time % Phy DF OF
1 Nikita Zadorov Will Butcher 60 1 2 2
2 Zac Leslie Carl Gunnarsson 40 1 2 2
Last Minutes Offensive
Center Left Wing Right Wing Defense Defense
Tim Schaller Brock McGinn Jordan Caron Nikita Zadorov Will Butcher
Last Minutes Defensive
Center Left Wing Right Wing Defense Defense
Tim Schaller Brock McGinn Jordan Caron Nikita Zadorov Will Butcher
Goaltenders
Starting : Eric Comrie
Backup : Igor Shesterkin
Extra Forwards
Normal : Mikko Lehtonen, Mark Jankowski, Daniel Zaar - PP : Mikko Lehtonen, Mark Jankowski - PK : Daniel Zaar
Extra Defensemen
Normal : Chris Bigras, Brett Lernout, Zac Leslie - PP : Chris Bigras - PK : Brett Lernout, Zac Leslie
Penalty Shots
Tim Schaller, Jordan Caron, Tobias Rieder, Brock McGinn, Brandon Prust
Scratches
Stephen Harper (Healthy), Emil Djuse (Healthy), Christian Thomas (Healthy), Cole Cassels (Healthy), Griffin Reinhart (Healthy)
Jeremy Gregoire (Healthy), Connor Hurley (Healthy), Gustav Olofsson (Healthy), Andreas Johnsson (Healthy), Brett Ritchie (Healthy)
Anders Bjork (Healthy), Nicolas Aube-Kubel (Healthy), Marc-André Bourdon (Healthy), Hunter Smith (Healthy), Jack Campbell (Healthy)
% Time on Ice - Atomiques
Lines # - Real PCT - Wanted PCT - Time Play
Normal Forward
1 - 31% - 35% - 14:05
2 - 27% - 30% - 12:04
3 - 27% - 30% - 12:08
4 - 16% - 5% - 7:11
Normal Defense
1 - 38% - 40% - 17:24
2 - 32% - 30% - 14:46
3 - 26% - 20% - 11:44
4 - 3% - 10% - 1:34
PP Forward
1 - 49% - 50% - 2:06
2 - 51% - 50% - 2:09
PP Defense
1 - 54% - 60% - 2:17
2 - 46% - 40% - 1:58
PK Forward
1 - 75% - 60% - 6:53
2 - 25% - 40% - 2:18
PK Defense
1 - 63% - 60% - 5:45
2 - 37% - 40% - 3:26
PK3 Forward
1 - 0% - 60%
2 - 0% - 40%
PK3 Defense
1 - 0% - 60%
2 - 0% - 40%
44 Forward
1 - 0% - 60%
2 - 0% - 40%
44 Defense
1 - 0% - 60%
2 - 0% - 40%
Last Minute Offensive - 1:06
Last Minute Defensive - 0:00
Total
Forward - 60:00
Defense - 60:00
|
% Time on Ice - Diables
Lines # - Real PCT - Wanted PCT - Time Play
Normal Forward
1 - 31% - 40% - 14:09
2 - 28% - 30% - 12:40
3 - 24% - 20% - 10:43
4 - 17% - 10% - 7:57
Normal Defense
1 - 38% - 40% - 17:16
2 - 31% - 30% - 14:05
3 - 27% - 20% - 12:14
4 - 4% - 10% - 1:54
PP Forward
1 - 59% - 60% - 5:24
2 - 41% - 40% - 3:47
PP Defense
1 - 57% - 60% - 5:12
2 - 43% - 40% - 3:59
PK Forward
1 - 75% - 60% - 3:10
2 - 25% - 40% - 1:05
PK Defense
1 - 52% - 60% - 2:12
2 - 48% - 40% - 2:03
PK3 Forward
1 - 0% - 60%
2 - 0% - 40%
PK3 Defense
1 - 0% - 60%
2 - 0% - 40%
44 Forward
1 - 0% - 60%
2 - 0% - 40%
44 Defense
1 - 0% - 60%
2 - 0% - 40%
Last Minute Offensive - 0:00
Last Minute Defensive - 1:05
Total
Forward - 60:00
Defense - 60:00
|
Play-by-Play
1st period
0:01 of 1st period - James Wright wins face-off versus Tim Schaller in neutral zone.
1:01 of 1st period - Wrist shot by Will Butcher.
1:01 of 1st period - Stopped by Connor Hellebyuk with a rebound.
1:21 of 1st period - Wrist shot by Dalton Smith.
1:21 of 1st period - Shot Hit the Post.
2:17 of 1st period - Frederik Gauthier is hit by Dwight King and loses puck.
2:36 of 1st period - Slapshot by Daniel Zaar.
2:36 of 1st period - Shot Misses the Net.
2:50 of 1st period - Wrist shot by Jimmy Hayes.
2:50 of 1st period - Shot Misses the Net.
2:52 of 1st period - Snap shot by James Wright.
2:52 of 1st period - Stopped by Eric Comrie with a rebound.
2:54 of 1st period - Slapshot by Eric Mestery.
2:54 of 1st period - Shot Misses the Net.
3:30 of 1st period - Colby Cohen is hit by C.J Suess and loses puck.
4:12 of 1st period - Icing by Colby Cohen.
4:13 of 1st period - Anthony Nigro wins face-off versus Tim Schaller in Atomiques zone.
4:26 of 1st period - Colby Cohen is hit by Brock McGinn and loses puck.
4:51 of 1st period - Alex Tuch is hit by Louis Leblanc and loses puck.
5:23 of 1st period - Slapshot by Matt Tennyson.
5:23 of 1st period - Deflect By Chris Bigras.
5:23 of 1st period - Stopped by Eric Comrie without a rebound.
5:24 of 1st period - Mark Jankowski wins face-off versus Anthony Nigro in Diables zone.
6:05 of 1st period - Nikita Zadorov is hit by Anthony Nigro.
6:11 of 1st period - Snap shot by Artturi Lehkonen.
6:11 of 1st period - Shot Misses the Net.
6:13 of 1st period - Slapshot by Brett Lernout.
6:13 of 1st period - Stopped by Connor Hellebyuk without a rebound.
6:14 of 1st period - James Wright wins face-off versus Tim Schaller in Atomiques zone.
6:36 of 1st period - Icing by Chris Bigras.
6:37 of 1st period - Louis Leblanc wins face-off versus Chris Tierney in Diables zone.
7:02 of 1st period - Wrist shot by Tim Schaller.
7:02 of 1st period - Shot Misses the Net.
7:12 of 1st period - Snap shot by Jordan Caron.
7:12 of 1st period - Stopped by Connor Hellebyuk without a rebound.
7:13 of 1st period - Michael Chaput wins face-off versus Louis Leblanc in Atomiques zone.
7:22 of 1st period - Snap shot by Corey Tropp.
7:22 of 1st period - Stopped by Eric Comrie without a rebound.
7:23 of 1st period - Louis Leblanc wins face-off versus Michael Chaput in Diables zone.
7:34 of 1st period - Wrist shot by Michael Chaput.
7:34 of 1st period - Stopped by Eric Comrie without a rebound.
7:35 of 1st period - Tim Schaller wins face-off versus Jimmy Hayes in Diables zone.
8:12 of 1st period - Off-side.
8:13 of 1st period - Louis Leblanc wins face-off versus Michael Chaput in neutral zone.
8:20 of 1st period - Wrist shot by Brandon Prust.
8:20 of 1st period - Shot Blocked by Samuel Morin.
8:40 of 1st period - Nikita Zadorov is hit by Brendan Lemieux and loses puck.
9:05 of 1st period - Snap shot by Mark Jankowski.
9:05 of 1st period - Shot Misses the Net.
9:07 of 1st period - Slapshot by Carl Gunnarsson.
9:07 of 1st period - Stopped by Connor Hellebyuk with a rebound.
9:09 of 1st period - Slapshot by Carl Gunnarsson.
9:09 of 1st period - Shot Blocked by Chris Tierney.
9:19 of 1st period - Slapshot by Matt Tennyson.
9:19 of 1st period - Shot Misses the Net.
9:32 of 1st period - Anthony Nigro is hit by Jordan Caron.
9:46 of 1st period - Wrist shot by Corey Tropp.
9:46 of 1st period - Stopped by Eric Comrie with a rebound.
9:48 of 1st period - Slapshot by Matt Tennyson.
9:48 of 1st period - Stopped by Eric Comrie without a rebound.
9:49 of 1st period - Michael Chaput wins face-off versus Louis Leblanc in Diables zone.
9:58 of 1st period - Snap shot by Dwight King.
9:58 of 1st period - Deflect By Nikita Zadorov.
9:58 of 1st period - Shot Misses the Net.
9:58 of 1st period - Puck is out of play.
9:59 of 1st period - James Wright wins face-off versus Louis Leblanc in Diables zone.
10:28 of 1st period - Wrist shot by Brandon Prust.
10:28 of 1st period - Stopped by Connor Hellebyuk with a rebound.
10:30 of 1st period - Slapshot by Will Butcher.
10:30 of 1st period - Deflect By Brandon Prust.
10:30 of 1st period - Shot Misses the Net.
10:30 of 1st period - Puck is out of play.
10:31 of 1st period - Chris Tierney wins face-off versus Tim Schaller in Atomiques zone.
10:33 of 1st period - Minor Penalty to Nikolaj Ehlers for Tripping.
10:34 of 1st period - Chris Tierney wins face-off versus Tim Schaller in Atomiques zone.
10:46 of 1st period - Slapshot by Will Butcher.
10:46 of 1st period - Stopped by Connor Hellebyuk without a rebound.
10:47 of 1st period - Tim Schaller wins face-off versus Chris Tierney in Atomiques zone.
10:56 of 1st period - Wrist shot by Brock McGinn.
10:56 of 1st period - Stopped by Connor Hellebyuk with a rebound.
11:25 of 1st period - Corey Tropp is hit by Tobias Rieder.
11:36 of 1st period - Icing by Carl Gunnarsson.
11:37 of 1st period - Tim Schaller wins face-off versus Chris Tierney in Diables zone.
11:44 of 1st period - Wrist shot by Jordan Caron.
11:44 of 1st period - Shot Misses the Net.
11:46 of 1st period - Wrist shot by Zac Leslie.
11:46 of 1st period - Stopped by Connor Hellebyuk with a rebound.
11:48 of 1st period - Wrist shot by Tim Schaller.
11:48 of 1st period - Goal by Tim Schaller - Atomiques : 0 - Diables : 1.
11:49 of 1st period - Tim Schaller wins face-off versus Alex Tuch in neutral zone.
12:38 of 1st period - Snap shot by Jimmy Hayes.
12:38 of 1st period - Stopped by Eric Comrie without a rebound.
12:39 of 1st period - Louis Leblanc wins face-off versus James Wright in Diables zone.
12:44 of 1st period - Jimmy Hayes is hit by Brandon Prust.
13:19 of 1st period - Slapshot by Brandon Prust.
13:19 of 1st period - Shot Misses the Net.
13:21 of 1st period - Wrist shot by Tobias Rieder.
13:21 of 1st period - Shot Misses the Net.
13:23 of 1st period - Snap shot by Louis Leblanc.
13:23 of 1st period - Shot Misses the Net.
13:25 of 1st period - Slapshot by Zac Leslie.
13:25 of 1st period - Shot Misses the Net.
13:27 of 1st period - Slapshot by Carl Gunnarsson.
13:27 of 1st period - Shot Misses the Net.
13:29 of 1st period - Wrist shot by Carl Gunnarsson.
13:29 of 1st period - Deflect By James Wright.
13:29 of 1st period - Stopped by Connor Hellebyuk without a rebound.
13:30 of 1st period - Tim Schaller wins face-off versus Chris Tierney in Atomiques zone.
13:42 of 1st period - Snap shot by Tim Schaller.
13:42 of 1st period - Deflect By Brock McGinn.
13:42 of 1st period - Shot Misses the Net.
13:42 of 1st period - Puck is out of play.
13:43 of 1st period - Michael Chaput wins face-off versus Tim Schaller in Atomiques zone.
14:20 of 1st period - Snap shot by Mikko Lehtonen.
14:20 of 1st period - Shot Misses the Net.
16:16 of 1st period - Brock McGinn is hit by Bobby Farnham.
16:54 of 1st period - Colby Cohen is hit by Mikko Lehtonen and loses puck.
17:13 of 1st period - Snap shot by Jimmy Hayes.
17:13 of 1st period - Stopped by Eric Comrie without a rebound.
17:14 of 1st period - Michael Chaput wins face-off versus Louis Leblanc in Diables zone.
17:15 of 1st period - Snap shot by Corey Tropp.
17:15 of 1st period - Shot Misses the Net.
17:17 of 1st period - Slapshot by Samuel Morin.
17:17 of 1st period - Stopped by Eric Comrie without a rebound.
17:18 of 1st period - Tim Schaller wins face-off versus Michael Chaput in Diables zone.
19:10 of 1st period - Snap shot by Mikko Lehtonen.
19:10 of 1st period - Shot Misses the Net.
19:12 of 1st period - Slapshot by Zac Leslie.
19:12 of 1st period - Shot Misses the Net.
19:14 of 1st period - Slapshot by Carl Gunnarsson.
19:14 of 1st period - Shot Misses the Net.
19:31 of 1st period - Snap shot by Jimmy Hayes.
19:31 of 1st period - Shot Blocked by Louis Leblanc.
Goals for this period are 0 for Atomiques vs 1 for Diables.
Shots for this period are 9 for Atomiques vs 10 for Diables.
2nd period
0:01 of 2nd period - Chris Tierney wins face-off versus Tim Schaller in neutral zone.
0:27 of 2nd period - Frederik Gauthier is hit by Jimmy Hayes and loses puck.
0:38 of 2nd period - Slapshot by James Wright.
0:38 of 2nd period - Stopped by Eric Comrie without a rebound.
0:39 of 2nd period - Tim Schaller wins face-off versus Corey Tropp in Diables zone.
0:39 of 2nd period - Tim Schaller is hit by Samuel Morin.
1:01 of 2nd period - Minor Penalty to Brett Lernout for Hooking.
1:02 of 2nd period - James Wright wins face-off versus Tim Schaller in Diables zone.
1:43 of 2nd period - Corey Tropp is hit by Zac Leslie and loses puck.
2:16 of 2nd period - Eric Mestery is hit by Will Butcher and loses puck.
2:50 of 2nd period - Jordan Caron is hit by Wiley Sherman and loses puck.
3:01 of 2nd period - Penalty to Brett Lernout is over, Brett Lernout is back on ice.
3:32 of 2nd period - Tobias Rieder is hit by Michael Chaput.
3:41 of 2nd period - Brandon Prust is hit by Dwight King and loses puck.
3:54 of 2nd period - Michael Chaput is hit by Brandon Prust and loses puck.
4:12 of 2nd period - Snap shot by Dwight King.
4:12 of 2nd period - Stopped by Eric Comrie with a rebound.
4:14 of 2nd period - Slapshot by Dwight King.
4:14 of 2nd period - Stopped by Eric Comrie with a rebound.
4:16 of 2nd period - Slapshot by Wiley Sherman.
4:16 of 2nd period - Deflect By Dwight King.
4:16 of 2nd period - Stopped by Eric Comrie without a rebound.
4:17 of 2nd period - Tim Schaller wins face-off versus Chris Tierney in Diables zone.
5:58 of 2nd period - Snap shot by Louis Leblanc.
5:58 of 2nd period - Shot Misses the Net.
6:16 of 2nd period - Backhand shot by Samuel Morin.
6:16 of 2nd period - Stopped by Eric Comrie with a rebound.
6:30 of 2nd period - Daniel Zaar is hit by Colby Cohen and loses puck.
6:47 of 2nd period - Brett Lernout is hit by Dwight King and loses puck.
6:52 of 2nd period - Snap shot by Dwight King.
6:52 of 2nd period - Shot Misses the Net.
6:54 of 2nd period - Wrist shot by Michael Chaput.
6:54 of 2nd period - Stopped by Eric Comrie with a rebound.
6:56 of 2nd period - Slapshot by Colby Cohen.
6:56 of 2nd period - Shot Misses the Net.
7:09 of 2nd period - Minor Penalty to Jimmy Hayes for Hooking.
7:10 of 2nd period - Tim Schaller wins face-off versus Chris Tierney in Atomiques zone.
7:10 of 2nd period - Snap shot by Jordan Caron.
7:10 of 2nd period - Stopped by Connor Hellebyuk with a rebound.
7:12 of 2nd period - Snap shot by Nikita Zadorov.
7:12 of 2nd period - Shot Misses the Net.
7:14 of 2nd period - Slapshot by Will Butcher.
7:14 of 2nd period - Deflect By Jordan Caron.
7:14 of 2nd period - Stopped by Connor Hellebyuk with a rebound.
8:36 of 2nd period - Louis Leblanc is hit by Corey Tropp and loses puck.
8:49 of 2nd period - Tim Schaller is hit by Chris Tierney and loses puck.
9:09 of 2nd period - Penalty to Jimmy Hayes is over, Jimmy Hayes is back on ice.
9:26 of 2nd period - Minor Penalty to Artturi Lehkonen for Hooking.
9:27 of 2nd period - Tim Schaller wins face-off versus Chris Tierney in Diables zone.
11:12 of 2nd period - James Wright is hit by Mark Jankowski and loses puck.
11:26 of 2nd period - Penalty to Artturi Lehkonen is over, Artturi Lehkonen is back on ice.
11:51 of 2nd period - Snap shot by Anthony Nigro.
11:51 of 2nd period - Stopped by Eric Comrie with a rebound.
12:01 of 2nd period - C.J Suess is hit by Connor Clifton and loses puck.
12:10 of 2nd period - Wrist shot by C.J Suess.
12:10 of 2nd period - Stopped by Connor Hellebyuk without a rebound.
12:11 of 2nd period - Anthony Nigro wins face-off versus Frederik Gauthier in Atomiques zone.
12:16 of 2nd period - Carl Gunnarsson is hit by Matt Tennyson and loses puck.
12:23 of 2nd period - Slapshot by Dalton Smith.
12:23 of 2nd period - Shot Misses the Net.
12:52 of 2nd period - Brett Lernout is hit by Chris Tierney and loses puck.
13:17 of 2nd period - Louis Leblanc is hit by Jimmy Hayes and loses puck.
13:29 of 2nd period - Icing by Brandon Prust.
13:30 of 2nd period - Michael Chaput wins face-off versus Frederik Gauthier in Diables zone.
13:38 of 2nd period - Minor Penalty to Dwight King for Hooking.
13:39 of 2nd period - Chris Tierney wins face-off versus Tim Schaller in Atomiques zone.
14:01 of 2nd period - Dalton Smith is hit by Jordan Caron and loses puck.
14:18 of 2nd period - Colby Cohen is hit by Brandon Prust and loses puck.
15:38 of 2nd period - Penalty to Dwight King is over, Dwight King is back on ice.
16:12 of 2nd period - Snap shot by Corey Tropp.
16:12 of 2nd period - Deflect By James Wright.
16:12 of 2nd period - Stopped by Eric Comrie without a rebound.
16:13 of 2nd period - Frederik Gauthier wins face-off versus Anthony Nigro in Diables zone.
16:38 of 2nd period - Wrist shot by Chris Tierney.
16:38 of 2nd period - Shot Blocked by Carl Gunnarsson.
16:44 of 2nd period - Wrist shot by Nikolaj Ehlers.
16:44 of 2nd period - Stopped by Eric Comrie without a rebound.
16:45 of 2nd period - James Wright wins face-off versus Tim Schaller in Diables zone.
16:48 of 2nd period - Snap shot by Jimmy Hayes.
16:48 of 2nd period - Shot Blocked by Nikita Zadorov.
17:40 of 2nd period - Snap shot by Mikko Lehtonen.
17:40 of 2nd period - Shot Blocked by Corey Tropp.
17:42 of 2nd period - Snap shot by Frederik Gauthier.
17:42 of 2nd period - Deflect By Mikko Lehtonen.
17:42 of 2nd period - Stopped by Connor Hellebyuk with a rebound.
17:56 of 2nd period - Snap shot by James Wright.
17:56 of 2nd period - Deflect By Brendan Lemieux.
17:56 of 2nd period - Stopped by Eric Comrie with a rebound.
18:18 of 2nd period - Snap shot by Tim Schaller.
18:18 of 2nd period - Shot Misses the Net.
18:20 of 2nd period - Wrist shot by Carl Gunnarsson.
18:20 of 2nd period - Stopped by Connor Hellebyuk without a rebound.
18:21 of 2nd period - Tim Schaller wins face-off versus James Wright in Atomiques zone.
19:13 of 2nd period - Wrist shot by Mikko Lehtonen.
19:13 of 2nd period - Shot Misses the Net.
Goals for this period are 0 for Atomiques vs 0 for Diables.
Shots for this period are 10 for Atomiques vs 5 for Diables.
3rd period
0:01 of 3rd period - James Wright wins face-off versus Tim Schaller in neutral zone.
0:49 of 3rd period - Brendan Lemieux is hit by Jordan Caron and loses puck.
1:07 of 3rd period - Off-side.
1:08 of 3rd period - Louis Leblanc wins face-off versus Michael Chaput in neutral zone.
1:21 of 3rd period - Slapshot by Dwight King.
1:21 of 3rd period - Deflect By Corey Tropp.
1:21 of 3rd period - Shot Misses the Net.
1:21 of 3rd period - Puck is out of play.
1:22 of 3rd period - Chris Tierney wins face-off versus Louis Leblanc in Diables zone.
1:31 of 3rd period - Wrist shot by Brandon Prust.
1:31 of 3rd period - Stopped by Connor Hellebyuk with a rebound.
1:52 of 3rd period - Wrist shot by Dwight King.
1:52 of 3rd period - Shot Blocked by Chris Bigras.
1:54 of 3rd period - Wrist shot by Samuel Morin.
1:54 of 3rd period - Shot Blocked by Frederik Gauthier.
1:56 of 3rd period - Wrist shot by Corey Tropp.
1:56 of 3rd period - Shot Misses the Net.
1:58 of 3rd period - Wrist shot by Corey Tropp.
1:58 of 3rd period - Shot Misses the Net.
2:15 of 3rd period - Snap shot by Colby Cohen.
2:15 of 3rd period - Stopped by Eric Comrie with a rebound.
2:49 of 3rd period - Icing by Mikko Lehtonen.
2:50 of 3rd period - James Wright wins face-off versus Frederik Gauthier in Diables zone.
3:07 of 3rd period - Jimmy Hayes is hit by C.J Suess.
3:25 of 3rd period - Wrist shot by Jordan Caron.
3:25 of 3rd period - Stopped by Connor Hellebyuk without a rebound.
3:26 of 3rd period - Tim Schaller wins face-off versus Michael Chaput in Atomiques zone.
3:29 of 3rd period - Snap shot by Jordan Caron.
3:29 of 3rd period - Stopped by Connor Hellebyuk with a rebound.
4:06 of 3rd period - Snap shot by Tim Schaller.
4:06 of 3rd period - Shot Misses the Net.
4:08 of 3rd period - Wrist shot by Tim Schaller.
4:08 of 3rd period - Deflect By Jordan Caron.
4:08 of 3rd period - Stopped by Connor Hellebyuk without a rebound.
4:09 of 3rd period - James Wright wins face-off versus Louis Leblanc in Atomiques zone.
4:41 of 3rd period - Backhand shot by Frederik Gauthier.
4:41 of 3rd period - Stopped by Connor Hellebyuk without a rebound.
4:42 of 3rd period - Louis Leblanc wins face-off versus Michael Chaput in Atomiques zone.
4:45 of 3rd period - Snap shot by Tobias Rieder.
4:45 of 3rd period - Shot Blocked by Samuel Morin.
5:19 of 3rd period - Slapshot by Jimmy Hayes.
5:19 of 3rd period - Stopped by Eric Comrie without a rebound.
5:20 of 3rd period - Chris Tierney wins face-off versus Jordan Caron in Diables zone.
5:36 of 3rd period - Slapshot by Will Butcher.
5:36 of 3rd period - Stopped by Connor Hellebyuk with a rebound.
5:54 of 3rd period - Snap shot by James Wright.
5:54 of 3rd period - Stopped by Eric Comrie with a rebound.
5:56 of 3rd period - Wrist shot by Jimmy Hayes.
5:56 of 3rd period - Shot Blocked by Chris Bigras.
6:12 of 3rd period - Wrist shot by Dwight King.
6:12 of 3rd period - Shot Blocked by Chris Bigras.
6:14 of 3rd period - Slapshot by Samuel Morin.
6:14 of 3rd period - Stopped by Eric Comrie without a rebound.
6:15 of 3rd period - Tim Schaller wins face-off versus James Wright in Diables zone.
6:22 of 3rd period - Wrist shot by Jordan Caron.
6:22 of 3rd period - Shot Misses the Net.
6:24 of 3rd period - Slapshot by Jordan Caron.
6:24 of 3rd period - Shot Misses the Net.
6:26 of 3rd period - Slapshot by Nikita Zadorov.
6:26 of 3rd period - Shot Misses the Net.
6:28 of 3rd period - Wrist shot by Jordan Caron.
6:28 of 3rd period - Stopped by Connor Hellebyuk without a rebound.
6:29 of 3rd period - Tim Schaller wins face-off versus Chris Tierney in Atomiques zone.
6:44 of 3rd period - Snap shot by Nikolaj Ehlers.
6:44 of 3rd period - Stopped by Eric Comrie with a rebound.
6:54 of 3rd period - Wiley Sherman is hit by Tobias Rieder and loses puck.
7:21 of 3rd period - Michael Chaput is hit by Will Butcher and loses puck.
8:01 of 3rd period - Minor Penalty to Colby Cohen for Hooking.
8:02 of 3rd period - Tim Schaller wins face-off versus Chris Tierney in Atomiques zone.
8:28 of 3rd period - Dwight King is hit by Louis Leblanc and loses puck.
10:01 of 3rd period - Penalty to Colby Cohen is over, Colby Cohen is back on ice.
10:07 of 3rd period - Snap shot by C.J Suess.
10:07 of 3rd period - Shot Blocked by Jimmy Hayes.
10:27 of 3rd period - Dalton Smith is hit by Daniel Zaar and loses puck.
10:54 of 3rd period - Off-side.
10:55 of 3rd period - Louis Leblanc wins face-off versus Michael Chaput in neutral zone.
11:26 of 3rd period - Slapshot by Tim Schaller.
11:26 of 3rd period - Shot Misses the Net.
11:28 of 3rd period - Slapshot by Jordan Caron.
11:28 of 3rd period - Deflect By Brock McGinn.
11:28 of 3rd period - Stopped by Connor Hellebyuk without a rebound.
11:29 of 3rd period - James Wright wins face-off versus Tim Schaller in Atomiques zone.
11:41 of 3rd period - Snap shot by James Wright.
11:41 of 3rd period - Shot Misses the Net.
11:43 of 3rd period - Slapshot by Eric Mestery.
11:43 of 3rd period - Shot Misses the Net.
11:45 of 3rd period - Snap shot by James Wright.
11:45 of 3rd period - Shot Blocked by Tim Schaller.
12:16 of 3rd period - Slapshot by Will Butcher.
12:16 of 3rd period - Stopped by Connor Hellebyuk with a rebound.
12:18 of 3rd period - Wrist shot by C.J Suess.
12:18 of 3rd period - Shot Misses the Net.
12:37 of 3rd period - Slapshot by Matt Tennyson.
12:37 of 3rd period - Stopped by Eric Comrie without a rebound.
12:38 of 3rd period - Mark Jankowski wins face-off versus James Wright in Diables zone.
13:16 of 3rd period - Minor Penalty to Artturi Lehkonen for Roughing.
13:17 of 3rd period - Tim Schaller wins face-off versus Chris Tierney in Diables zone.
13:31 of 3rd period - Slapshot by Matt Tennyson.
13:31 of 3rd period - Stopped by Eric Comrie with a rebound.
13:33 of 3rd period - Wrist shot by Chris Tierney.
13:33 of 3rd period - Goal by Chris Tierney - Atomiques : 1 - Diables : 1.
13:34 of 3rd period - Tim Schaller wins face-off versus James Wright in neutral zone.
13:39 of 3rd period - Icing by James Wright.
13:40 of 3rd period - James Wright wins face-off versus Tim Schaller in Atomiques zone.
13:53 of 3rd period - Snap shot by James Wright.
13:53 of 3rd period - Stopped by Eric Comrie with a rebound.
13:55 of 3rd period - Slapshot by Matt Tennyson.
13:55 of 3rd period - Stopped by Eric Comrie with a rebound.
14:26 of 3rd period - Slapshot by Will Butcher.
14:26 of 3rd period - Deflect By Samuel Morin.
14:26 of 3rd period - Stopped by Connor Hellebyuk with a rebound.
14:28 of 3rd period - Snap shot by C.J Suess.
14:28 of 3rd period - Stopped by Connor Hellebyuk with a rebound.
14:30 of 3rd period - Slapshot by Will Butcher.
14:30 of 3rd period - Stopped by Connor Hellebyuk with a rebound.
14:32 of 3rd period - Snap shot by Frederik Gauthier.
14:32 of 3rd period - Deflect By Mikko Lehtonen.
14:32 of 3rd period - Stopped by Connor Hellebyuk without a rebound.
14:33 of 3rd period - James Wright wins face-off versus Tim Schaller in Atomiques zone.
14:49 of 3rd period - Zac Leslie is hit by Brendan Lemieux and loses puck.
15:32 of 3rd period - Wrist shot by Mikko Lehtonen.
15:32 of 3rd period - Goal by Mikko Lehtonen - Atomiques : 1 - Diables : 2.
15:33 of 3rd period - Michael Chaput wins face-off versus Tim Schaller in neutral zone.
15:49 of 3rd period - Wrist shot by Tim Schaller.
15:49 of 3rd period - Deflect By Jordan Caron.
15:49 of 3rd period - Shot Blocked by Wiley Sherman.
15:49 of 3rd period - Puck is out of play.
15:50 of 3rd period - James Wright wins face-off versus C.J Suess in Atomiques zone.
15:50 of 3rd period - James Wright is hit by Nikita Zadorov.
15:53 of 3rd period - Minor Penalty to James Wright for Holding.
15:54 of 3rd period - Tim Schaller wins face-off versus Chris Tierney in Atomiques zone.
15:56 of 3rd period - Slapshot by Will Butcher.
15:56 of 3rd period - Stopped by Connor Hellebyuk without a rebound.
15:57 of 3rd period - Tim Schaller wins face-off versus Chris Tierney in Atomiques zone.
16:30 of 3rd period - Wrist shot by Brandon Prust.
16:30 of 3rd period - Shot Blocked by Matt Tennyson.
17:53 of 3rd period - Penalty to James Wright is over, James Wright is back on ice.
18:14 of 3rd period - Wrist shot by Jimmy Hayes.
18:14 of 3rd period - Shot Hit the Post.
18:24 of 3rd period - Wiley Sherman is hit by Brett Lernout and loses puck.
19:13 of 3rd period - Atomiques, Connor Hellebyuk is pulled from the net.
19:13 of 3rd period - Snap shot by James Wright.
19:13 of 3rd period - Shot Misses the Net.
19:15 of 3rd period - Backhand shot by Nikolaj Ehlers.
19:15 of 3rd period - Shot Misses the Net.
19:17 of 3rd period - Slapshot by Nikolaj Ehlers.
19:17 of 3rd period - Shot Misses the Net.
19:19 of 3rd period - Snap shot by Nikolaj Ehlers.
19:19 of 3rd period - Shot Blocked by Carl Gunnarsson.
19:21 of 3rd period - Wrist shot by James Wright.
19:21 of 3rd period - Stopped by Eric Comrie without a rebound.
19:22 of 3rd period - Denis Savard call a timeout for Atomiques.
19:22 of 3rd period - Tim Schaller wins face-off versus James Wright in Diables zone.
19:33 of 3rd period - Snap shot by Tim Schaller.
19:33 of 3rd period - Deflect By Brock McGinn.
19:33 of 3rd period - Shot Misses the Net.
19:33 of 3rd period - Puck is out of play.
19:34 of 3rd period - Connor Hellebyuk from Atomiques was sent back in the game.
19:34 of 3rd period - Nikolaj Ehlers wins face-off versus Tim Schaller in Atomiques zone.
19:40 of 3rd period - Atomiques, Connor Hellebyuk is pulled from the net.
19:46 of 3rd period - Snap shot by Nikolaj Ehlers.
19:46 of 3rd period - Shot Misses the Net.
19:52 of 3rd period - Wrist shot by Nikolaj Ehlers.
19:52 of 3rd period - Deflect By Alex Tuch.
19:52 of 3rd period - Stopped by Eric Comrie with a rebound.
19:54 of 3rd period - Wrist shot by James Wright.
19:54 of 3rd period - Stopped by Eric Comrie with a rebound.
19:56 of 3rd period - Slapshot by Samuel Morin.
19:56 of 3rd period - Stopped by Eric Comrie with a rebound.
19:58 of 3rd period - Snap shot by Nikolaj Ehlers.
19:58 of 3rd period - Shot Misses the Net.
Goals for this period are 1 for Atomiques vs 1 for Diables.
Shots for this period are 14 for Atomiques vs 15 for Diables.
Back to the Top